Workbook

Sheet Resumo do mês
A1: Resumo do mês por caminhão
A2: Troque o mês na célula B3 (qualquer dia do mês serve). Diesel a mais que a meta positivo é dinheiro que ficou no tanque; negativo quer dizer que o caminhão rodou melhor que a meta.
A3: Mês | B3: 46266 | M3: =DATE(YEAR(B3),MONTH(B3),1) | N3: =DATE(YEAR(B3),MONTH(B3)+1,1)
A4: Caminhão | B4: Abastecimentos | C4: Litros | D4: Gasto com diesel | E4: Preço médio do litro | F4: Km medidos | G4: Média do mês | H4: Meta | I4: Diesel por km | J4: Diesel a mais que a meta
A5: =IF('Caminhões'!A5="","",'Caminhões'!A5) | B5: =IF(A5="","",COUNTIFS(Abastecimentos!$B$5:$B$504,A5,Abastecimentos!$A$5:$A$504,">="&$M$3,Abastecimentos!$A$5:$A$504,"<"&$N$3)) | C5: =IF(A5="","",SUMIFS(Abastecimentos!$F$5:$F$504,Abastecimentos!$B$5:$B$504,A5,Abastecimentos!$A$5:$A$504,">="&$M$3,Abastecimentos!$A$5:$A$504,"<"&$N$3)) | D5: =IF(A5="","",SUMIFS(Abastecimentos!$G$5:$G$504,Abastecimentos!$B$5:$B$504,A5,Abastecimentos!$A$5:$A$504,">="&$M$3,Abastecimentos!$A$5:$A$504,"<"&$N$3)) | E5: =IF(OR(A5="",C5=0),"",D5/C5) | F5: =IF(A5="","",SUMIFS(Abastecimentos!$K$5:$K$504,Abastecimentos!$B$5:$B$504,A5,Abastecimentos!$A$5:$A$504,">="&$M$3,Abastecimentos!$A$5:$A$504,"<"&$N$3)) | G5: =IF(OR(A5="",L5=0),"",F5/L5) | H5: =IF(OR(A5="",'Caminhões'!C5=""),"",'Caminhões'!C5) | I5: =IF(OR(G5="",E5=""),"",E5/G5) | J5: =IF(OR(G5="",H5="",E5=""),"",(L5-F5/H5)*E5) | L5: =IF(A5="","",SUMIFS(Abastecimentos!$L$5:$L$504,Abastecimentos!$B$5:$B$504,A5,Abastecimentos!$A$5:$A$504,">="&$M$3,Abastecimentos!$A$5:$A$504,"<"&$N$3))
A6: =IF('Caminhões'!A6="","",'Caminhões'!A6) | B6: =IF(A6="","",COUNTIFS(Abastecimentos!$B$5:$B$504,A6,Abastecimentos!$A$5:$A$504,">="&$M$3,Abastecimentos!$A$5:$A$504,"<"&$N$3)) | C6: =IF(A6="","",SUMIFS(Abastecimentos!$F$5:$F$504,Abastecimentos!$B$5:$B$504,A6,Abastecimentos!$A$5:$A$504,">="&$M$3,Abastecimentos!$A$5:$A$504,"<"&$N$3)) | D6: =IF(A6="","",SUMIFS(Abastecimentos!$G$5:$G$504,Abastecimentos!$B$5:$B$504,A6,Abastecimentos!$A$5:$A$504,">="&$M$3,Abastecimentos!$A$5:$A$504,"<"&$N$3)) | E6: =IF(OR(A6="",C6=0),"",D6/C6) | F6: =IF(A6="","",SUMIFS(Abastecimentos!$K$5:$K$504,Abastecimentos!$B$5:$B$504,A6,Abastecimentos!$A$5:$A$504,">="&$M$3,Abastecimentos!$A$5:$A$504,"<"&$N$3)) | G6: =IF(OR(A6="",L6=0),"",F6/L6) | H6: =IF(OR(A6="",'Caminhões'!C6=""),"",'Caminhões'!C6) | I6: =IF(OR(G6="",E6=""),"",E6/G6) | J6: =IF(OR(G6="",H6="",E6=""),"",(L6-F6/H6)*E6) | L6: =IF(A6="","",SUMIFS(Abastecimentos!$L$5:$L$504,Abastecimentos!$B$5:$B$504,A6,Abastecimentos!$A$5:$A$504,">="&$M$3,Abastecimentos!$A$5:$A$504,"<"&$N$3))
A7: =IF('Caminhões'!A7="","",'Caminhões'!A7) | B7: =IF(A7="","",COUNTIFS(Abastecimentos!$B$5:$B$504,A7,Abastecimentos!$A$5:$A$504,">="&$M$3,Abastecimentos!$A$5:$A$504,"<"&$N$3)) | C7: =IF(A7="","",SUMIFS(Abastecimentos!$F$5:$F$504,Abastecimentos!$B$5:$B$504,A7,Abastecimentos!$A$5:$A$504,">="&$M$3,Abastecimentos!$A$5:$A$504,"<"&$N$3)) | D7: =IF(A7="","",SUMIFS(Abastecimentos!$G$5:$G$504,Abastecimentos!$B$5:$B$504,A7,Abastecimentos!$A$5:$A$504,">="&$M$3,Abastecimentos!$A$5:$A$504,"<"&$N$3)) | E7: =IF(OR(A7="",C7=0),"",D7/C7) | F7: =IF(A7="","",SUMIFS(Abastecimentos!$K$5:$K$504,Abastecimentos!$B$5:$B$504,A7,Abastecimentos!$A$5:$A$504,">="&$M$3,Abastecimentos!$A$5:$A$504,"<"&$N$3)) | G7: =IF(OR(A7="",L7=0),"",F7/L7) | H7: =IF(OR(A7="",'Caminhões'!C7=""),"",'Caminhões'!C7) | I7: =IF(OR(G7="",E7=""),"",E7/G7) | J7: =IF(OR(G7="",H7="",E7=""),"",(L7-F7/H7)*E7) | L7: =IF(A7="","",SUMIFS(Abastecimentos!$L$5:$L$504,Abastecimentos!$B$5:$B$504,A7,Abastecimentos!$A$5:$A$504,">="&$M$3,Abastecimentos!$A$5:$A$504,"<"&$N$3))
A8: =IF('Caminhões'!A8="","",'Caminhões'!A8) | B8: =IF(A8="","",COUNTIFS(Abastecimentos!$B$5:$B$504,A8,Abastecimentos!$A$5:$A$504,">="&$M$3,Abastecimentos!$A$5:$A$504,"<"&$N$3)) | C8: =IF(A8="","",SUMIFS(Abastecimentos!$F$5:$F$504,Abastecimentos!$B$5:$B$504,A8,Abastecimentos!$A$5:$A$504,">="&$M$3,Abastecimentos!$A$5:$A$504,"<"&$N$3)) | D8: =IF(A8="","",SUMIFS(Abastecimentos!$G$5:$G$504,Abastecimentos!$B$5:$B$504,A8,Abastecimentos!$A$5:$A$504,">="&$M$3,Abastecimentos!$A$5:$A$504,"<"&$N$3)) | E8: =IF(OR(A8="",C8=0),"",D8/C8) | F8: =IF(A8="","",SUMIFS(Abastecimentos!$K$5:$K$504,Abastecimentos!$B$5:$B$504,A8,Abastecimentos!$A$5:$A$504,">="&$M$3,Abastecimentos!$A$5:$A$504,"<"&$N$3)) | G8: =IF(OR(A8="",L8=0),"",F8/L8) | H8: =IF(OR(A8="",'Caminhões'!C8=""),"",'Caminhões'!C8) | I8: =IF(OR(G8="",E8=""),"",E8/G8) | J8: =IF(OR(G8="",H8="",E8=""),"",(L8-F8/H8)*E8) | L8: =IF(A8="","",SUMIFS(Abastecimentos!$L$5:$L$504,Abastecimentos!$B$5:$B$504,A8,Abastecimentos!$A$5:$A$504,">="&$M$3,Abastecimentos!$A$5:$A$504,"<"&$N$3))
A9: =IF('Caminhões'!A9="","",'Caminhões'!A9) | B9: =IF(A9="","",COUNTIFS(Abastecimentos!$B$5:$B$504,A9,Abastecimentos!$A$5:$A$504,">="&$M$3,Abastecimentos!$A$5:$A$504,"<"&$N$3)) | C9: =IF(A9="","",SUMIFS(Abastecimentos!$F$5:$F$504,Abastecimentos!$B$5:$B$504,A9,Abastecimentos!$A$5:$A$504,">="&$M$3,Abastecimentos!$A$5:$A$504,"<"&$N$3)) | D9: =IF(A9="","",SUMIFS(Abastecimentos!$G$5:$G$504,Abastecimentos!$B$5:$B$504,A9,Abastecimentos!$A$5:$A$504,">="&$M$3,Abastecimentos!$A$5:$A$504,"<"&$N$3)) | E9: =IF(OR(A9="",C9=0),"",D9/C9) | F9: =IF(A9="","",SUMIFS(Abastecimentos!$K$5:$K$504,Abastecimentos!$B$5:$B$504,A9,Abastecimentos!$A$5:$A$504,">="&$M$3,Abastecimentos!$A$5:$A$504,"<"&$N$3)) | G9: =IF(OR(A9="",L9=0),"",F9/L9) | H9: =IF(OR(A9="",'Caminhões'!C9=""),"",'Caminhões'!C9) | I9: =IF(OR(G9="",E9=""),"",E9/G9) | J9: =IF(OR(G9="",H9="",E9=""),"",(L9-F9/H9)*E9) | L9: =IF(A9="","",SUMIFS(Abastecimentos!$L$5:$L$504,Abastecimentos!$B$5:$B$504,A9,Abastecimentos!$A$5:$A$504,">="&$M$3,Abastecimentos!$A$5:$A$504,"<"&$N$3))
A10: =IF('Caminhões'!A10="","",'Caminhões'!A10) | B10: =IF(A10="","",COUNTIFS(Abastecimentos!$B$5:$B$504,A10,Abastecimentos!$A$5:$A$504,">="&$M$3,Abastecimentos!$A$5:$A$504,"<"&$N$3)) | C10: =IF(A10="","",SUMIFS(Abastecimentos!$F$5:$F$504,Abastecimentos!$B$5:$B$504,A10,Abastecimentos!$A$5:$A$504,">="&$M$3,Abastecimentos!$A$5:$A$504,"<"&$N$3)) | D10: =IF(A10="","",SUMIFS(Abastecimentos!$G$5:$G$504,Abastecimentos!$B$5:$B$504,A10,Abastecimentos!$A$5:$A$504,">="&$M$3,Abastecimentos!$A$5:$A$504,"<"&$N$3)) | E10: =IF(OR(A10="",C10=0),"",D10/C10) | F10: =IF(A10="","",SUMIFS(Abastecimentos!$K$5:$K$504,Abastecimentos!$B$5:$B$504,A10,Abastecimentos!$A$5:$A$504,">="&$M$3,Abastecimentos!$A$5:$A$504,"<"&$N$3)) | G10: =IF(OR(A10="",L10=0),"",F10/L10) | H10: =IF(OR(A10="",'Caminhões'!C10=""),"",'Caminhões'!C10) | I10: =IF(OR(G10="",E10=""),"",E10/G10) | J10: =IF(OR(G10="",H10="",E10=""),"",(L10-F10/H10)*E10) | L10: =IF(A10="","",SUMIFS(Abastecimentos!$L$5:$L$504,Abastecimentos!$B$5:$B$504,A10,Abastecimentos!$A$5:$A$504,">="&$M$3,Abastecimentos!$A$5:$A$504,"<"&$N$3))
A11: =IF('Caminhões'!A11="","",'Caminhões'!A11) | B11: =IF(A11="","",COUNTIFS(Abastecimentos!$B$5:$B$504,A11,Abastecimentos!$A$5:$A$504,">="&$M$3,Abastecimentos!$A$5:$A$504,"<"&$N$3)) | C11: =IF(A11="","",SUMIFS(Abastecimentos!$F$5:$F$504,Abastecimentos!$B$5:$B$504,A11,Abastecimentos!$A$5:$A$504,">="&$M$3,Abastecimentos!$A$5:$A$504,"<"&$N$3)) | D11: =IF(A11="","",SUMIFS(Abastecimentos!$G$5:$G$504,Abastecimentos!$B$5:$B$504,A11,Abastecimentos!$A$5:$A$504,">="&$M$3,Abastecimentos!$A$5:$A$504,"<"&$N$3)) | E11: =IF(OR(A11="",C11=0),"",D11/C11) | F11: =IF(A11="","",SUMIFS(Abastecimentos!$K$5:$K$504,Abastecimentos!$B$5:$B$504,A11,Abastecimentos!$A$5:$A$504,">="&$M$3,Abastecimentos!$A$5:$A$504,"<"&$N$3)) | G11: =IF(OR(A11="",L11=0),"",F11/L11) | H11: =IF(OR(A11="",'Caminhões'!C11=""),"",'Caminhões'!C11) | I11: =IF(OR(G11="",E11=""),"",E11/G11) | J11: =IF(OR(G11="",H11="",E11=""),"",(L11-F11/H11)*E11) | L11: =IF(A11="","",SUMIFS(Abastecimentos!$L$5:$L$504,Abastecimentos!$B$5:$B$504,A11,Abastecimentos!$A$5:$A$504,">="&$M$3,Abastecimentos!$A$5:$A$504,"<"&$N$3))
A12: =IF('Caminhões'!A12="","",'Caminhões'!A12) | B12: =IF(A12="","",COUNTIFS(Abastecimentos!$B$5:$B$504,A12,Abastecimentos!$A$5:$A$504,">="&$M$3,Abastecimentos!$A$5:$A$504,"<"&$N$3)) | C12: =IF(A12="","",SUMIFS(Abastecimentos!$F$5:$F$504,Abastecimentos!$B$5:$B$504,A12,Abastecimentos!$A$5:$A$504,">="&$M$3,Abastecimentos!$A$5:$A$504,"<"&$N$3)) | D12: =IF(A12="","",SUMIFS(Abastecimentos!$G$5:$G$504,Abastecimentos!$B$5:$B$504,A12,Abastecimentos!$A$5:$A$504,">="&$M$3,Abastecimentos!$A$5:$A$504,"<"&$N$3)) | E12: =IF(OR(A12="",C12=0),"",D12/C12) | F12: =IF(A12="","",SUMIFS(Abastecimentos!$K$5:$K$504,Abastecimentos!$B$5:$B$504,A12,Abastecimentos!$A$5:$A$504,">="&$M$3,Abastecimentos!$A$5:$A$504,"<"&$N$3)) | G12: =IF(OR(A12="",L12=0),"",F12/L12) | H12: =IF(OR(A12="",'Caminhões'!C12=""),"",'Caminhões'!C12) | I12: =IF(OR(G12="",E12=""),"",E12/G12) | J12: =IF(OR(G12="",H12="",E12=""),"",(L12-F12/H12)*E12) | L12: =IF(A12="","",SUMIFS(Abastecimentos!$L$5:$L$504,Abastecimentos!$B$5:$B$504,A12,Abastecimentos!$A$5:$A$504,">="&$M$3,Abastecimentos!$A$5:$A$504,"<"&$N$3))
A13: =IF('Caminhões'!A13="","",'Caminhões'!A13) | B13: =IF(A13="","",COUNTIFS(Abastecimentos!$B$5:$B$504,A13,Abastecimentos!$A$5:$A$504,">="&$M$3,Abastecimentos!$A$5:$A$504,"<"&$N$3)) | C13: =IF(A13="","",SUMIFS(Abastecimentos!$F$5:$F$504,Abastecimentos!$B$5:$B$504,A13,Abastecimentos!$A$5:$A$504,">="&$M$3,Abastecimentos!$A$5:$A$504,"<"&$N$3)) | D13: =IF(A13="","",SUMIFS(Abastecimentos!$G$5:$G$504,Abastecimentos!$B$5:$B$504,A13,Abastecimentos!$A$5:$A$504,">="&$M$3,Abastecimentos!$A$5:$A$504,"<"&$N$3)) | E13: =IF(OR(A13="",C13=0),"",D13/C13) | F13: =IF(A13="","",SUMIFS(Abastecimentos!$K$5:$K$504,Abastecimentos!$B$5:$B$504,A13,Abastecimentos!$A$5:$A$504,">="&$M$3,Abastecimentos!$A$5:$A$504,"<"&$N$3)) | G13: =IF(OR(A13="",L13=0),"",F13/L13) | H13: =IF(OR(A13="",'Caminhões'!C13=""),"",'Caminhões'!C13) | I13: =IF(OR(G13="",E13=""),"",E13/G13) | J13: =IF(OR(G13="",H13="",E13=""),"",(L13-F13/H13)*E13) | L13: =IF(A13="","",SUMIFS(Abastecimentos!$L$5:$L$504,Abastecimentos!$B$5:$B$504,A13,Abastecimentos!$A$5:$A$504,">="&$M$3,Abastecimentos!$A$5:$A$504,"<"&$N$3))
A14: =IF('Caminhões'!A14="","",'Caminhões'!A14) | B14: =IF(A14="","",COUNTIFS(Abastecimentos!$B$5:$B$504,A14,Abastecimentos!$A$5:$A$504,">="&$M$3,Abastecimentos!$A$5:$A$504,"<"&$N$3)) | C14: =IF(A14="","",SUMIFS(Abastecimentos!$F$5:$F$504,Abastecimentos!$B$5:$B$504,A14,Abastecimentos!$A$5:$A$504,">="&$M$3,Abastecimentos!$A$5:$A$504,"<"&$N$3)) | D14: =IF(A14="","",SUMIFS(Abastecimentos!$G$5:$G$504,Abastecimentos!$B$5:$B$504,A14,Abastecimentos!$A$5:$A$504,">="&$M$3,Abastecimentos!$A$5:$A$504,"<"&$N$3)) | E14: =IF(OR(A14="",C14=0),"",D14/C14) | F14: =IF(A14="","",SUMIFS(Abastecimentos!$K$5:$K$504,Abastecimentos!$B$5:$B$504,A14,Abastecimentos!$A$5:$A$504,">="&$M$3,Abastecimentos!$A$5:$A$504,"<"&$N$3)) | G14: =IF(OR(A14="",L14=0),"",F14/L14) | H14: =IF(OR(A14="",'Caminhões'!C14=""),"",'Caminhões'!C14) | I14: =IF(OR(G14="",E14=""),"",E14/G14) | J14: =IF(OR(G14="",H14="",E14=""),"",(L14-F14/H14)*E14) | L14: =IF(A14="","",SUMIFS(Abastecimentos!$L$5:$L$504,Abastecimentos!$B$5:$B$504,A14,Abastecimentos!$A$5:$A$504,">="&$M$3,Abastecimentos!$A$5:$A$504,"<"&$N$3))
A15: Frota inteira | B15: =SUM(B5:B14) | C15: =SUM(C5:C14) | D15: =SUM(D5:D14) | E15: =IF(C15=0,"",D15/C15) | F15: =SUM(F5:F14) | G15: =IF(L15=0,"",F15/L15) | I15: =IF(OR(G15="",E15=""),"",E15/G15) | J15: =SUM(J5:J14) | L15: =SUM(L5:L14)
A17: Km medidos são os km entre dois tanques cheios que fecharam no mês. Os litros e o gasto contam todos os abastecimentos do mês, inclusive os parciais. Para conferir uma média avulsa, use a calculadora de consumo em frotze.com.br/ferramentas/consumo-do-caminhao.
A19: A Frotze calcula a média de cada caminhão sozinha, a cada abastecimento lançado, e mostra qual caminhão gasta mais diesel que o resto da frota. Teste grátis em frotze.com.br

Sheet Caminhões
A1: Caminhões
A2: Um caminhão por linha. O nome daqui aparece na lista da aba Abastecimentos. A meta é a média que você espera do caminhão; sem meta, o resumo só não mostra o diesel a mais.
A4: Caminhão (placa ou apelido) | B4: Modelo | C4: Meta de média (km/l)
A5: Volvo FH (exemplo) | B5: Volvo FH 540 | C5: 2.3
A6: Scania R450 (exemplo) | B6: Scania R 450 | C6: 2.25

Sheet Abastecimentos
A1: Abastecimentos
A2: Uma linha por abastecimento. Preencha as colunas claras; as escuras se calculam sozinhas. A média só sai no tanque cheio: anote Sim quando completar o tanque e Não quando colocar só uma parte.
A4: Data | B4: Caminhão | C4: Motorista | D4: Posto e cidade | E4: Hodômetro (km) | F4: Litros | G4: Valor pago | H4: Tanque cheio? | I4: Preço do litro | J4: Hodômetro do último tanque cheio | K4: Km rodados | L4: Litros no período | M4: Média | N4: Diesel por km
A5: 46263 | B5: Volvo FH (exemplo) | C5: João | D5: Rondonópolis (MT) | E5: 412300 | F5: 495 | G5: 3064.05 | H5: Sim | I5: =IF(OR(F5="",G5="",F5=0),"",G5/F5) | J5: =IF(OR(H5<>"Sim",B5="",E5=""),"",IF(_xlfn.MAXIFS($E$5:$E$504,$B$5:$B$504,B5,$H$5:$H$504,"Sim",$E$5:$E$504,"<"&E5)=0,"",_xlfn.MAXIFS($E$5:$E$504,$B$5:$B$504,B5,$H$5:$H$504,"Sim",$E$5:$E$504,"<"&E5))) | K5: =IF(J5="","",E5-J5) | L5: =IF(J5="","",SUMIFS($F$5:$F$504,$B$5:$B$504,B5,$E$5:$E$504,">"&J5,$E$5:$E$504,"<="&E5)) | M5: =IF(OR(K5="",L5=0),"",K5/L5) | N5: =IF(M5="","",SUMIFS($G$5:$G$504,$B$5:$B$504,B5,$E$5:$E$504,">"&J5,$E$5:$E$504,"<="&E5)/K5)
A6: 46264 | B6: Scania R450 (exemplo) | C6: Carlos | D6: Cascavel (PR) | E6: 286900 | F6: 470 | G6: 2909.3 | H6: Sim | I6: =IF(OR(F6="",G6="",F6=0),"",G6/F6) | J6: =IF(OR(H6<>"Sim",B6="",E6=""),"",IF(_xlfn.MAXIFS($E$5:$E$504,$B$5:$B$504,B6,$H$5:$H$504,"Sim",$E$5:$E$504,"<"&E6)=0,"",_xlfn.MAXIFS($E$5:$E$504,$B$5:$B$504,B6,$H$5:$H$504,"Sim",$E$5:$E$504,"<"&E6))) | K6: =IF(J6="","",E6-J6) | L6: =IF(J6="","",SUMIFS($F$5:$F$504,$B$5:$B$504,B6,$E$5:$E$504,">"&J6,$E$5:$E$504,"<="&E6)) | M6: =IF(OR(K6="",L6=0),"",K6/L6) | N6: =IF(M6="","",SUMIFS($G$5:$G$504,$B$5:$B$504,B6,$E$5:$E$504,">"&J6,$E$5:$E$504,"<="&E6)/K6)
A7: 46268 | B7: Scania R450 (exemplo) | C7: Carlos | D7: São Paulo (SP) | E7: 287850 | F7: 463 | G7: 2912.27 | H7: Sim | I7: =IF(OR(F7="",G7="",F7=0),"",G7/F7) | J7: =IF(OR(H7<>"Sim",B7="",E7=""),"",IF(_xlfn.MAXIFS($E$5:$E$504,$B$5:$B$504,B7,$H$5:$H$504,"Sim",$E$5:$E$504,"<"&E7)=0,"",_xlfn.MAXIFS($E$5:$E$504,$B$5:$B$504,B7,$H$5:$H$504,"Sim",$E$5:$E$504,"<"&E7))) | K7: =IF(J7="","",E7-J7) | L7: =IF(J7="","",SUMIFS($F$5:$F$504,$B$5:$B$504,B7,$E$5:$E$504,">"&J7,$E$5:$E$504,"<="&E7)) | M7: =IF(OR(K7="",L7=0),"",K7/L7) | N7: =IF(M7="","",SUMIFS($G$5:$G$504,$B$5:$B$504,B7,$E$5:$E$504,">"&J7,$E$5:$E$504,"<="&E7)/K7)
A8: 46269 | B8: Volvo FH (exemplo) | C8: João | D8: Santos (SP) | E8: 413480 | F8: 511 | G8: 3163.09 | H8: Sim | I8: =IF(OR(F8="",G8="",F8=0),"",G8/F8) | J8: =IF(OR(H8<>"Sim",B8="",E8=""),"",IF(_xlfn.MAXIFS($E$5:$E$504,$B$5:$B$504,B8,$H$5:$H$504,"Sim",$E$5:$E$504,"<"&E8)=0,"",_xlfn.MAXIFS($E$5:$E$504,$B$5:$B$504,B8,$H$5:$H$504,"Sim",$E$5:$E$504,"<"&E8))) | K8: =IF(J8="","",E8-J8) | L8: =IF(J8="","",SUMIFS($F$5:$F$504,$B$5:$B$504,B8,$E$5:$E$504,">"&J8,$E$5:$E$504,"<="&E8)) | M8: =IF(OR(K8="",L8=0),"",K8/L8) | N8: =IF(M8="","",SUMIFS($G$5:$G$504,$B$5:$B$504,B8,$E$5:$E$504,">"&J8,$E$5:$E$504,"<="&E8)/K8)
A9: 46273 | B9: Volvo FH (exemplo) | C9: João | D9: Uberlândia (MG) | E9: 414120 | F9: 180 | G9: 1125 | H9: Não | I9: =IF(OR(F9="",G9="",F9=0),"",G9/F9) | J9: =IF(OR(H9<>"Sim",B9="",E9=""),"",IF(_xlfn.MAXIFS($E$5:$E$504,$B$5:$B$504,B9,$H$5:$H$504,"Sim",$E$5:$E$504,"<"&E9)=0,"",_xlfn.MAXIFS($E$5:$E$504,$B$5:$B$504,B9,$H$5:$H$504,"Sim",$E$5:$E$504,"<"&E9))) | K9: =IF(J9="","",E9-J9) | L9: =IF(J9="","",SUMIFS($F$5:$F$504,$B$5:$B$504,B9,$E$5:$E$504,">"&J9,$E$5:$E$504,"<="&E9)) | M9: =IF(OR(K9="",L9=0),"",K9/L9) | N9: =IF(M9="","",SUMIFS($G$5:$G$504,$B$5:$B$504,B9,$E$5:$E$504,">"&J9,$E$5:$E$504,"<="&E9)/K9)
A10: 46274 | B10: Scania R450 (exemplo) | C10: Carlos | D10: Cascavel (PR) | E10: 288800 | F10: 448 | G10: 2773.12 | H10: Sim | I10: =IF(OR(F10="",G10="",F10=0),"",G10/F10) | J10: =IF(OR(H10<>"Sim",B10="",E10=""),"",IF(_xlfn.MAXIFS($E$5:$E$504,$B$5:$B$504,B10,$H$5:$H$504,"Sim",$E$5:$E$504,"<"&E10)=0,"",_xlfn.MAXIFS($E$5:$E$504,$B$5:$B$504,B10,$H$5:$H$504,"Sim",$E$5:$E$504,"<"&E10))) | K10: =IF(J10="","",E10-J10) | L10: =IF(J10="","",SUMIFS($F$5:$F$504,$B$5:$B$504,B10,$E$5:$E$504,">"&J10,$E$5:$E$504,"<="&E10)) | M10: =IF(OR(K10="",L10=0),"",K10/L10) | N10: =IF(M10="","",SUMIFS($G$5:$G$504,$B$5:$B$504,B10,$E$5:$E$504,">"&J10,$E$5:$E$504,"<="&E10)/K10)
A11: 46277 | B11: Volvo FH (exemplo) | C11: João | D11: Rondonópolis (MT) | E11: 414840 | F11: 416 | G11: 2558.4 | H11: Sim | I11: =IF(OR(F11="",G11="",F11=0),"",G11/F11) | J11: =IF(OR(H11<>"Sim",B11="",E11=""),"",IF(_xlfn.MAXIFS($E$5:$E$504,$B$5:$B$504,B11,$H$5:$H$504,"Sim",$E$5:$E$504,"<"&E11)=0,"",_xlfn.MAXIFS($E$5:$E$504,$B$5:$B$504,B11,$H$5:$H$504,"Sim",$E$5:$E$504,"<"&E11))) | K11: =IF(J11="","",E11-J11) | L11: =IF(J11="","",SUMIFS($F$5:$F$504,$B$5:$B$504,B11,$E$5:$E$504,">"&J11,$E$5:$E$504,"<="&E11)) | M11: =IF(OR(K11="",L11=0),"",K11/L11) | N11: =IF(M11="","",SUMIFS($G$5:$G$504,$B$5:$B$504,B11,$E$5:$E$504,">"&J11,$E$5:$E$504,"<="&E11)/K11)
A12: 46280 | B12: Scania R450 (exemplo) | C12: Carlos | D12: Curitiba (PR) | E12: 289300 | F12: 240 | G12: 1500 | H12: Sim | I12: =IF(OR(F12="",G12="",F12=0),"",G12/F12) | J12: =IF(OR(H12<>"Sim",B12="",E12=""),"",IF(_xlfn.MAXIFS($E$5:$E$504,$B$5:$B$504,B12,$H$5:$H$504,"Sim",$E$5:$E$504,"<"&E12)=0,"",_xlfn.MAXIFS($E$5:$E$504,$B$5:$B$504,B12,$H$5:$H$504,"Sim",$E$5:$E$504,"<"&E12))) | K12: =IF(J12="","",E12-J12) | L12: =IF(J12="","",SUMIFS($F$5:$F$504,$B$5:$B$504,B12,$E$5:$E$504,">"&J12,$E$5:$E$504,"<="&E12)) | M12: =IF(OR(K12="",L12=0),"",K12/L12) | N12: =IF(M12="","",SUMIFS($G$5:$G$504,$B$5:$B$504,B12,$E$5:$E$504,">"&J12,$E$5:$E$504,"<="&E12)/K12)
A13: 46283 | B13: Volvo FH (exemplo) | C13: João | D13: Paranaguá (PR) | E13: 416080 | F13: 530 | G13: 3333.7 | H13: Sim | I13: =IF(OR(F13="",G13="",F13=0),"",G13/F13) | J13: =IF(OR(H13<>"Sim",B13="",E13=""),"",IF(_xlfn.MAXIFS($E$5:$E$504,$B$5:$B$504,B13,$H$5:$H$504,"Sim",$E$5:$E$504,"<"&E13)=0,"",_xlfn.MAXIFS($E$5:$E$504,$B$5:$B$504,B13,$H$5:$H$504,"Sim",$E$5:$E$504,"<"&E13))) | K13: =IF(J13="","",E13-J13) | L13: =IF(J13="","",SUMIFS($F$5:$F$504,$B$5:$B$504,B13,$E$5:$E$504,">"&J13,$E$5:$E$504,"<="&E13)) | M13: =IF(OR(K13="",L13=0),"",K13/L13) | N13: =IF(M13="","",SUMIFS($G$5:$G$504,$B$5:$B$504,B13,$E$5:$E$504,">"&J13,$E$5:$E$504,"<="&E13)/K13)
A14: 46285 | B14: Scania R450 (exemplo) | C14: Carlos | D14: Ponta Grossa (PR) | E14: 289820 | F14: 160 | G14: 990.4 | H14: Não | I14: =IF(OR(F14="",G14="",F14=0),"",G14/F14) | J14: =IF(OR(H14<>"Sim",B14="",E14=""),"",IF(_xlfn.MAXIFS($E$5:$E$504,$B$5:$B$504,B14,$H$5:$H$504,"Sim",$E$5:$E$504,"<"&E14)=0,"",_xlfn.MAXIFS($E$5:$E$504,$B$5:$B$504,B14,$H$5:$H$504,"Sim",$E$5:$E$504,"<"&E14))) | K14: =IF(J14="","",E14-J14) | L14: =IF(J14="","",SUMIFS($F$5:$F$504,$B$5:$B$504,B14,$E$5:$E$504,">"&J14,$E$5:$E$504,"<="&E14)) | M14: =IF(OR(K14="",L14=0),"",K14/L14) | N14: =IF(M14="","",SUMIFS($G$5:$G$504,$B$5:$B$504,B14,$E$5:$E$504,">"&J14,$E$5:$E$504,"<="&E14)/K14)
A15: 46288 | B15: Volvo FH (exemplo) | C15: João | D15: Rondonópolis (MT) | E15: 417180 | F15: 478 | G15: 2958.82 | H15: Sim | I15: =IF(OR(F15="",G15="",F15=0),"",G15/F15) | J15: =IF(OR(H15<>"Sim",B15="",E15=""),"",IF(_xlfn.MAXIFS($E$5:$E$504,$B$5:$B$504,B15,$H$5:$H$504,"Sim",$E$5:$E$504,"<"&E15)=0,"",_xlfn.MAXIFS($E$5:$E$504,$B$5:$B$504,B15,$H$5:$H$504,"Sim",$E$5:$E$504,"<"&E15))) | K15: =IF(J15="","",E15-J15) | L15: =IF(J15="","",SUMIFS($F$5:$F$504,$B$5:$B$504,B15,$E$5:$E$504,">"&J15,$E$5:$E$504,"<="&E15)) | M15: =IF(OR(K15="",L15=0),"",K15/L15) | N15: =IF(M15="","",SUMIFS($G$5:$G$504,$B$5:$B$504,B15,$E$5:$E$504,">"&J15,$E$5:$E$504,"<="&E15)/K15)
A16: 46289 | B16: Scania R450 (exemplo) | C16: Carlos | D16: Campinas (SP) | E16: 290300 | F16: 335 | G16: 2060.25 | H16: Sim | I16: =IF(OR(F16="",G16="",F16=0),"",G16/F16) | J16: =IF(OR(H16<>"Sim",B16="",E16=""),"",IF(_xlfn.MAXIFS($E$5:$E$504,$B$5:$B$504,B16,$H$5:$H$504,"Sim",$E$5:$E$504,"<"&E16)=0,"",_xlfn.MAXIFS($E$5:$E$504,$B$5:$B$504,B16,$H$5:$H$504,"Sim",$E$5:$E$504,"<"&E16))) | K16: =IF(J16="","",E16-J16) | L16: =IF(J16="","",SUMIFS($F$5:$F$504,$B$5:$B$504,B16,$E$5:$E$504,">"&J16,$E$5:$E$504,"<="&E16)) | M16: =IF(OR(K16="",L16=0),"",K16/L16) | N16: =IF(M16="","",SUMIFS($G$5:$G$504,$B$5:$B$504,B16,$E$5:$E$504,">"&J16,$E$5:$E$504,"<="&E16)/K16)
... A19: 46295 | B19: Volvo FH (exemplo) | C19: João | D19: Goiânia (GO) | E19: 418360 | F19: 370 | G19: 2282.9 | H19: Sim | I19: =IF(OR(F19="",G19="",F19=0),"",G19/F19) | J19: =IF(OR(H19<>"Sim",B19="",E19=""),"",IF(_xlfn.MAXIFS($E$5:$E$504,$B$5:$B$504,B19,$H$5:$H$504,"Sim",$E$5:$E$504,"<"&E19)=0,"",_xlfn.MAXIFS($E$5:$E$504,$B$5:$B$504,B19,$H$5:$H$504,"Sim",$E$5:$E$504,"<"&E19))) | K19: =IF(J19="","",E19-J19) | L19: =IF(J19="","",SUMIFS($F$5:$F$504,$B$5:$B$504,B19,$E$5:$E$504,">"&J19,$E$5:$E$504,"<="&E19)) | M19: =IF(OR(K19="",L19=0),"",K19/L19) | N19: =IF(M19="","",SUMIFS($G$5:$G$504,$B$5:$B$504,B19,$E$5:$E$504,">"&J19,$E$5:$E$504,"<="&E19)/K19)
I20: =IF(OR(F20="",G20="",F20=0),"",G20/F20) | J20: =IF(OR(H20<>"Sim",B20="",E20=""),"",IF(_xlfn.MAXIFS($E$5:$E$504,$B$5:$B$504,B20,$H$5:$H$504,"Sim",$E$5:$E$504,"<"&E20)=0,"",_xlfn.MAXIFS($E$5:$E$504,$B$5:$B$504,B20,$H$5:$H$504,"Sim",$E$5:$E$504,"<"&E20))) | K20: =IF(J20="","",E20-J20) | L20: =IF(J20="","",SUMIFS($F$5:$F$504,$B$5:$B$504,B20,$E$5:$E$504,">"&J20,$E$5:$E$504,"<="&E20)) | M20: =IF(OR(K20="",L20=0),"",K20/L20) | N20: =IF(M20="","",SUMIFS($G$5:$G$504,$B$5:$B$504,B20,$E$5:$E$504,">"&J20,$E$5:$E$504,"<="&E20)/K20)
I21: =IF(OR(F21="",G21="",F21=0),"",G21/F21) | J21: =IF(OR(H21<>"Sim",B21="",E21=""),"",IF(_xlfn.MAXIFS($E$5:$E$504,$B$5:$B$504,B21,$H$5:$H$504,"Sim",$E$5:$E$504,"<"&E21)=0,"",_xlfn.MAXIFS($E$5:$E$504,$B$5:$B$504,B21,$H$5:$H$504,"Sim",$E$5:$E$504,"<"&E21))) | K21: =IF(J21="","",E21-J21) | L21: =IF(J21="","",SUMIFS($F$5:$F$504,$B$5:$B$504,B21,$E$5:$E$504,">"&J21,$E$5:$E$504,"<="&E21)) | M21: =IF(OR(K21="",L21=0),"",K21/L21) | N21: =IF(M21="","",SUMIFS($G$5:$G$504,$B$5:$B$504,B21,$E$5:$E$504,">"&J21,$E$5:$E$504,"<="&E21)/K21)
I22: =IF(OR(F22="",G22="",F22=0),"",G22/F22) | J22: =IF(OR(H22<>"Sim",B22="",E22=""),"",IF(_xlfn.MAXIFS($E$5:$E$504,$B$5:$B$504,B22,$H$5:$H$504,"Sim",$E$5:$E$504,"<"&E22)=0,"",_xlfn.MAXIFS($E$5:$E$504,$B$5:$B$504,B22,$H$5:$H$504,"Sim",$E$5:$E$504,"<"&E22))) | K22: =IF(J22="","",E22-J22) | L22: =IF(J22="","",SUMIFS($F$5:$F$504,$B$5:$B$504,B22,$E$5:$E$504,">"&J22,$E$5:$E$504,"<="&E22)) | M22: =IF(OR(K22="",L22=0),"",K22/L22) | N22: =IF(M22="","",SUMIFS($G$5:$G$504,$B$5:$B$504,B22,$E$5:$E$504,">"&J22,$E$5:$E$504,"<="&E22)/K22)
I23: =IF(OR(F23="",G23="",F23=0),"",G23/F23) | J23: =IF(OR(H23<>"Sim",B23="",E23=""),"",IF(_xlfn.MAXIFS($E$5:$E$504,$B$5:$B$504,B23,$H$5:$H$504,"Sim",$E$5:$E$504,"<"&E23)=0,"",_xlfn.MAXIFS($E$5:$E$504,$B$5:$B$504,B23,$H$5:$H$504,"Sim",$E$5:$E$504,"<"&E23))) | K23: =IF(J23="","",E23-J23) | L23: =IF(J23="","",SUMIFS($F$5:$F$504,$B$5:$B$504,B23,$E$5:$E$504,">"&J23,$E$5:$E$504,"<="&E23)) | M23: =IF(OR(K23="",L23=0),"",K23/L23) | N23: =IF(M23="","",SUMIFS($G$5:$G$504,$B$5:$B$504,B23,$E$5:$E$504,">"&J23,$E$5:$E$504,"<="&E23)/K23)
I24: =IF(OR(F24="",G24="",F24=0),"",G24/F24) | J24: =IF(OR(H24<>"Sim",B24="",E24=""),"",IF(_xlfn.MAXIFS($E$5:$E$504,$B$5:$B$504,B24,$H$5:$H$504,"Sim",$E$5:$E$504,"<"&E24)=0,"",_xlfn.MAXIFS($E$5:$E$504,$B$5:$B$504,B24,$H$5:$H$504,"Sim",$E$5:$E$504,"<"&E24))) | K24: =IF(J24="","",E24-J24) | L24: =IF(J24="","",SUMIFS($F$5:$F$504,$B$5:$B$504,B24,$E$5:$E$504,">"&J24,$E$5:$E$504,"<="&E24)) | M24: =IF(OR(K24="",L24=0),"",K24/L24) | N24: =IF(M24="","",SUMIFS($G$5:$G$504,$B$5:$B$504,B24,$E$5:$E$504,">"&J24,$E$5:$E$504,"<="&E24)/K24)
I25: =IF(OR(F25="",G25="",F25=0),"",G25/F25) | J25: =IF(OR(H25<>"Sim",B25="",E25=""),"",IF(_xlfn.MAXIFS($E$5:$E$504,$B$5:$B$504,B25,$H$5:$H$504,"Sim",$E$5:$E$504,"<"&E25)=0,"",_xlfn.MAXIFS($E$5:$E$504,$B$5:$B$504,B25,$H$5:$H$504,"Sim",$E$5:$E$504,"<"&E25))) | K25: =IF(J25="","",E25-J25) | L25: =IF(J25="","",SUMIFS($F$5:$F$504,$B$5:$B$504,B25,$E$5:$E$504,">"&J25,$E$5:$E$504,"<="&E25)) | M25: =IF(OR(K25="",L25=0),"",K25/L25) | N25: =IF(M25="","",SUMIFS($G$5:$G$504,$B$5:$B$504,B25,$E$5:$E$504,">"&J25,$E$5:$E$504,"<="&E25)/K25)
I26: =IF(OR(F26="",G26="",F26=0),"",G26/F26) | J26: =IF(OR(H26<>"Sim",B26="",E26=""),"",IF(_xlfn.MAXIFS($E$5:$E$504,$B$5:$B$504,B26,$H$5:$H$504,"Sim",$E$5:$E$504,"<"&E26)=0,"",_xlfn.MAXIFS($E$5:$E$504,$B$5:$B$504,B26,$H$5:$H$504,"Sim",$E$5:$E$504,"<"&E26))) | K26: =IF(J26="","",E26-J26) | L26: =IF(J26="","",SUMIFS($F$5:$F$504,$B$5:$B$504,B26,$E$5:$E$504,">"&J26,$E$5:$E$504,"<="&E26)) | M26: =IF(OR(K26="",L26=0),"",K26/L26) | N26: =IF(M26="","",SUMIFS($G$5:$G$504,$B$5:$B$504,B26,$E$5:$E$504,">"&J26,$E$5:$E$504,"<="&E26)/K26)
I27: =IF(OR(F27="",G27="",F27=0),"",G27/F27) | J27: =IF(OR(H27<>"Sim",B27="",E27=""),"",IF(_xlfn.MAXIFS($E$5:$E$504,$B$5:$B$504,B27,$H$5:$H$504,"Sim",$E$5:$E$504,"<"&E27)=0,"",_xlfn.MAXIFS($E$5:$E$504,$B$5:$B$504,B27,$H$5:$H$504,"Sim",$E$5:$E$504,"<"&E27))) | K27: =IF(J27="","",E27-J27) | L27: =IF(J27="","",SUMIFS($F$5:$F$504,$B$5:$B$504,B27,$E$5:$E$504,">"&J27,$E$5:$E$504,"<="&E27)) | M27: =IF(OR(K27="",L27=0),"",K27/L27) | N27: =IF(M27="","",SUMIFS($G$5:$G$504,$B$5:$B$504,B27,$E$5:$E$504,">"&J27,$E$5:$E$504,"<="&E27)/K27)
I28: =IF(OR(F28="",G28="",F28=0),"",G28/F28) | J28: =IF(OR(H28<>"Sim",B28="",E28=""),"",IF(_xlfn.MAXIFS($E$5:$E$504,$B$5:$B$504,B28,$H$5:$H$504,"Sim",$E$5:$E$504,"<"&E28)=0,"",_xlfn.MAXIFS($E$5:$E$504,$B$5:$B$504,B28,$H$5:$H$504,"Sim",$E$5:$E$504,"<"&E28))) | K28: =IF(J28="","",E28-J28) | L28: =IF(J28="","",SUMIFS($F$5:$F$504,$B$5:$B$504,B28,$E$5:$E$504,">"&J28,$E$5:$E$504,"<="&E28)) | M28: =IF(OR(K28="",L28=0),"",K28/L28) | N28: =IF(M28="","",SUMIFS($G$5:$G$504,$B$5:$B$504,B28,$E$5:$E$504,">"&J28,$E$5:$E$504,"<="&E28)/K28)
I29: =IF(OR(F29="",G29="",F29=0),"",G29/F29) | J29: =IF(OR(H29<>"Sim",B29="",E29=""),"",IF(_xlfn.MAXIFS($E$5:$E$504,$B$5:$B$504,B29,$H$5:$H$504,"Sim",$E$5:$E$504,"<"&E29)=0,"",_xlfn.MAXIFS($E$5:$E$504,$B$5:$B$504,B29,$H$5:$H$504,"Sim",$E$5:$E$504,"<"&E29))) | K29: =IF(J29="","",E29-J29) | L29: =IF(J29="","",SUMIFS($F$5:$F$504,$B$5:$B$504,B29,$E$5:$E$504,">"&J29,$E$5:$E$504,"<="&E29)) | M29: =IF(OR(K29="",L29=0),"",K29/L29) | N29: =IF(M29="","",SUMIFS($G$5:$G$504,$B$5:$B$504,B29,$E$5:$E$504,">"&J29,$E$5:$E$504,"<="&E29)/K29)
I30: =IF(OR(F30="",G30="",F30=0),"",G30/F30) | J30: =IF(OR(H30<>"Sim",B30="",E30=""),"",IF(_xlfn.MAXIFS($E$5:$E$504,$B$5:$B$504,B30,$H$5:$H$504,"Sim",$E$5:$E$504,"<"&E30)=0,"",_xlfn.MAXIFS($E$5:$E$504,$B$5:$B$504,B30,$H$5:$H$504,"Sim",$E$5:$E$504,"<"&E30))) | K30: =IF(J30="","",E30-J30) | L30: =IF(J30="","",SUMIFS($F$5:$F$504,$B$5:$B$504,B30,$E$5:$E$504,">"&J30,$E$5:$E$504,"<="&E30)) | M30: =IF(OR(K30="",L30=0),"",K30/L30) | N30: =IF(M30="","",SUMIFS($G$5:$G$504,$B$5:$B$504,B30,$E$5:$E$504,">"&J30,$E$5:$E$504,"<="&E30)/K30)
I31: =IF(OR(F31="",G31="",F31=0),"",G31/F31) | J31: =IF(OR(H31<>"Sim",B31="",E31=""),"",IF(_xlfn.MAXIFS($E$5:$E$504,$B$5:$B$504,B31,$H$5:$H$504,"Sim",$E$5:$E$504,"<"&E31)=0,"",_xlfn.MAXIFS($E$5:$E$504,$B$5:$B$504,B31,$H$5:$H$504,"Sim",$E$5:$E$504,"<"&E31))) | K31: =IF(J31="","",E31-J31) | L31: =IF(J31="","",SUMIFS($F$5:$F$504,$B$5:$B$504,B31,$E$5:$E$504,">"&J31,$E$5:$E$504,"<="&E31)) | M31: =IF(OR(K31="",L31=0),"",K31/L31) | N31: =IF(M31="","",SUMIFS($G$5:$G$504,$B$5:$B$504,B31,$E$5:$E$504,">"&J31,$E$5:$E$504,"<="&E31)/K31)
... I504: =IF(OR(F504="",G504="",F504=0),"",G504/F504) | J504: =IF(OR(H504<>"Sim",B504="",E504=""),"",IF(_xlfn.MAXIFS($E$5:$E$504,$B$5:$B$504,B504,$H$5:$H$504,"Sim",$E$5:$E$504,"<"&E504)=0,"",_xlfn.MAXIFS($E$5:$E$504,$B$5:$B$504,B504,$H$5:$H$504,"Sim",$E$5:$E$504,"<"&E504))) | K504: =IF(J504="","",E504-J504) | L504: =IF(J504="","",SUMIFS($F$5:$F$504,$B$5:$B$504,B504,$E$5:$E$504,">"&J504,$E$5:$E$504,"<="&E504)) | M504: =IF(OR(K504="",L504=0),"",K504/L504) | N504: =IF(M504="","",SUMIFS($G$5:$G$504,$B$5:$B$504,B504,$E$5:$E$504,">"&J504,$E$5:$E$504,"<="&E504)/K504)

Sheet Como usar
A1: Como usar a planilha de controle de abastecimento
A3: 1 | B3: A planilha vem com 2 caminhões e os abastecimentos de setembro de exemplo, marcados com (exemplo). Veja como ficam e depois apague essas linhas nas abas Caminhões e Abastecimentos.
A4: 2 | B4: Na aba Caminhões, cadastre cada caminhão e, se quiser, a meta de média em km/l. A meta pode ser a média dos meses bons do próprio caminhão.
A5: 3 | B5: Na aba Abastecimentos, lance uma linha por abastecimento: data, caminhão, hodômetro, litros, valor pago e se completou o tanque.
A6: 4 | B6: Comece cada caminhão com um tanque cheio. A média sai a partir do segundo tanque cheio: km rodados desde o anterior divididos pelos litros colocados nesse período.
A7: 5 | B7: Colocou só uma parte? Marque Não em Tanque cheio. Os litros desse abastecimento entram na conta do próximo tanque cheio.
A8: 6 | B8: Na aba Resumo do mês, troque o mês na célula B3. A tabela mostra, por caminhão, litros, gasto, preço médio, média do mês, diesel por km e o diesel a mais que a meta.
A9: 7 | B9: Caminhão com diesel a mais que a meta vale uma olhada: pneu descalibrado, motorista, rota com mais serra, bico ou filtro. É o dinheiro que dá para economizar.
B11: Feita pela Frotze, sistema de gestão financeira para quem tem de 1 a 20 caminhões. A Frotze calcula a média e o custo do diesel de cada caminhão sozinha, a cada abastecimento lançado. Teste grátis por 14 dias em frotze.com.br
B12: Calculadoras grátis: frotze.com.br/ferramentas
